 Dungeon Crawl Stone Soup version 0.18.1-50-g88ac8fd (webtiles) character file.

56 Amnesiac the Ducker (level 3, 0/22 HPs)
             Began as a Deep Elf Fighter on Mar 2, 2018.
             Succumbed to an adder's poison
             ... on level 3 of the Dungeon.
             The game lasted 00:01:39 (587 turns).

Amnesiac the Ducker (Deep Elf Fighter)               Turns: 587, Time: 00:01:39

Health: 0/22       AC:  6    Str: 14    XL:     3   Next: 69%
Magic:  5/5        EV:  8    Int: 12    God:
Gold:   31         SH:  9    Dex: 14    Spells: 0 memorised, 2 levels left

rFire  . . .     SeeInvis .     a - +0 rapier
rCold  . . .     Gourm    .     b - +0 scale mail
rNeg   . . .     Faith    .     c - +1 shield
rPois  .         Spirit   .     (no helmet)
rElec  .         Dismiss  .     (no cloak)
rCorr  .         Reflect  .     (no gloves)
SustAt .         Harm     .     (no boots)
MR     .....                    (no amulet)
Stlth  ..........               (no ring)
                                (no ring)

@: lethally poisoned (0 -> -13), not resistant to hostile enchantments,
extremely unstealthy
A: no striking features
a: no special abilities


You were on level 3 of the Dungeon.
You were not hungry.

You visited 1 branch of the dungeon, and saw 3 of its levels.

You collected 31 gold pieces.

Inventory:

Hand Weapons
 a - a +0 rapier (weapon)
Missiles
 e - 16 sling bullets
Armour
 b - a +0 scale mail (worn)
 c - a +1 shield (worn)
Comestibles
 f - a bread ration
 g - 2 chunks of flesh


   Skills:
 - Level 2.4 Fighting
 - Level 2.0 Short Blades
 - Level 2.4 Armour
 + Level 4.0 Dodging
 - Level 2.4 Shields


You had 2 spell levels left.
You didn't know any spells.

Dungeon Overview and Level Annotations

Branches:
Dungeon (3/15)

Altars:
Qazlal
Sif Muna
Yredelemnul

Annotations:
D:2 Sigmund
D:3 Amnesiac's ghost, weakling DEFi


Message History

Found 11 gold pieces.
The adder bites you but does no damage. The adder bites you.
You block the adder's attack.
You hit the hobgoblin.
The hobgoblin is heavily wounded.
The hobgoblin barely misses you. The adder bites you.
You are poisoned.
The adder poisons you!
You feel sick. You block the adder's attack. The adder bites you.
You are more poisoned.
The adder poisons you!
You feel sick.
You aren't carrying any potions.
You aren't carrying any potions.
Read which item? (? for menu, Esc to quit)
Really read
i - a scroll labeled JOTANG RADWARA {!r}?
As you read the scroll labeled JOTANG RADWARA {!r}, it crumbles to dust.
It is a scroll of enchant armour.
Enchant which item? (? for menu, Esc to quit)
Your +0 shield glows green for a moment.
You feel sick. The adder bites you but does no damage.
You miss the adder.
You feel sick. You block the adder's attack.
The adder bites you but does no damage.
You barely miss the adder.
You feel sick. The adder bites you but does no damage.
You closely miss the adder. You block the adder's attack. x2
You miss the adder.
You feel sick. The adder bites you but does no damage.
You closely miss the adder. The adder closely misses you.
The adder bites you but does no damage.
You barely miss the adder.
You feel sick.
Amnesiac's ghost screams, "You will never get the ORB!"
You block the adder's attack.
You hit the adder.
The adder is heavily wounded.
The adder barely misses you. The adder bites you but does no damage.
You closely miss the adder.
The adder is heavily wounded.
You feel sick. You block the adder's attack.
You hit the adder but do no damage.
The adder is heavily wounded.
You block the adder's attack. The adder bites you but does no damage.
You barely miss the adder.
The adder is heavily wounded.
You feel sick. The adder bites you.
* * * LOW HITPOINT WARNING * * *
You are lethally poisoned!
The adder poisons you! The adder bites you but does no damage.
You hit the adder.
The adder is heavily wounded.
* * * LOW HITPOINT WARNING * * *
You feel sick. The adder bites you.
* * * LOW HITPOINT WARNING * * *
You are more poisoned.
The adder poisons you!
You are too injured to fight recklessly!
You hit the adder.
You kill the adder!
Your Dodging skill increases to level 4!
* * * LOW HITPOINT WARNING * * *
You feel sick.
You hit the hobgoblin.
The hobgoblin is heavily wounded.
You die...

#........#
########.#
#....#.######
#...........$
###.#.######.
#....##
#.....#
####....##
#@gWo#.##
######.# .#
+#


You could see Amnesiac's ghost, an orc and a hobgoblin.

Vanquished Creatures
  Terence (D:2)
  2 adders
  A giant gecko (D:2)
  A giant cockroach (D:2)
  2 goblins (D:2)
  A hobgoblin (D:2)
  A quokka (D:2)
  2 bats (D:2)
  2 giant newts (D:2)
  A kobold (D:2)
  3 rats
  A plant (D:1)
18 creatures vanquished.

Notes
Turn   | Place    | Note
--------------------------------------------------------------
     0 | D:1      | Amnesiac the Deep Elf Fighter began the quest for the Orb.
     0 | D:1      | Reached XP level 1. HP: 13/13 MP: 3/3
   243 | D:2      | Found a basalt altar of Yredelemnul.
   298 | D:2      | Reached skill level 1 in Dodging
   358 | D:2      | Noticed Terence
   387 | D:2      | Found a deep blue altar of Sif Muna.
   387 | D:2      | Found a stormy altar of Qazlal.
   394 | D:2      | Reached skill level 2 in Dodging
   394 | D:2      | Reached XP level 2. HP: 11/18 MP: 4/4
   404 | D:2      | Killed Terence
   404 | D:2      | Reached skill level 3 in Dodging
   404 | D:2      | Reached XP level 3. HP: 21/22 MP: 5/5
   528 | D:2      | Noticed Sigmund
   554 | D:3      | Noticed Amnesiac's ghost (weakling DEFi)
   586 | D:3      | Reached skill level 4 in Dodging
   586 | D:3      | HP: 1/22 [poisoned by an adder]
   587 | D:3      | Succumbed to an adder's poison

Skill      XL: |  1  2  3 |
---------------+----------+-----
Dodging        | 2 3 4 |  4.0
Fighting       | |  2.4
Short Blades   | |  2.0
Armour         | |  2.4
Shields        | |  2.4

Action                   || total
-------------------------++-------
Melee: Rapier            ||   155
  Use: Potion            ||     3
       Scroll            ||     1
Armor: Scale mail        ||    41
Dodge: Dodged            ||    27
Block: Shield            ||    39
